 Dungeon Crawl Stone Soup version 0.23-a0-667-gc184e93 (webtiles) character file.

358 Lanoc the Shield-Bearer (level 6, 0/73 HPs)
             Began as a Formicid Fighter on Jan 8, 2019.
             Was an Initiate of Makhleb.
             Slain by a hippogriff (3 damage)
             ... on level 6 of the Dungeon.
             The game lasted 00:06:27 (2673 turns).

Lanoc the Shield-Bearer (Formicid Fighter)          Turns: 2673, Time: 00:06:28

Health: 0/73       AC: 26    Str: 21 (23) XL:     6   Next: 97%
Magic:  15/15      EV:  2    Int:  9 (12) God:    Makhleb [......]
Gold:   207        SH:  9    Dex:  7 (10) Spells: 5/5 levels left

rFire    . . .     SeeInvis .   a - +0 quarterstaff
rCold    . . .     Gourm    .   c - +0 shield
rNeg     + + +     Faith    .   (armour currently unavailable)
rPois    +         Spirit   .   (helmet unavailable)
rElec    .         Reflect  .   (cloak currently unavailable)
rCorr    .         Harm     .   (gloves currently unavailable)
MR       .....     Clarity  +   (boots currently unavailable)
Stlth    +.........             (no amulet)
HPRegen  0.22/turn              n - ring of magical power
MPRegen  0.14/turn              r - +3 ring of protection

@: brilliant, tree-form
A: permanent stasis, dig shafts and tunnels, four strong arms, clarity, subdued
magic 1
a: Renounce Religion


You were on level 6 of the Dungeon.
You worshipped Makhleb.
Makhleb was noncommittal.
You were not hungry.
You were a tree.
You visited 1 branch of the dungeon, and saw 6 of its levels.
You also visited: Ossuary.

You collected 207 gold pieces.

Inventory:

Hand Weapons
 a - a +0 quarterstaff (weapon)
Missiles
 k - 21 sling bullets
Armour
 b - a +0 scale mail (melded)
 c - a +0 shield (worn)
 o - a cursed +0 pair of gloves (melded)
Jewellery
 n - a ring of magical power (left branch)
 r - a +3 ring of protection (right branch)
Scrolls
 e - 3 scrolls of enchant armour {unknown}
 g - 4 scrolls of remove curse {unknown}
 i - a scroll of fog {unknown}
 j - 6 scrolls of immolation {unknown}
 l - 7 scrolls of identify {unknown}
 p - 2 scrolls of magic mapping {unknown}
 q - a scroll of blinking {unknown}
 s - 3 scrolls of teleportation {unknown}
 u - 2 scrolls of random uselessness {unknown}
 w - a scroll of fear {unknown}
 y - 3 scrolls of amnesia {unknown}
 A - 4 scrolls of noise {unknown}
Potions
 d - 7 potions of degeneration
 h - 2 potions of haste {unknown}
 m - 2 potions of mutation
 t - a potion of curing {unknown}
 v - 2 potions of lignification
 x - 2 potions of brilliance
 z - a potion of heal wounds {unknown}
 B - a potion of cancellation {unknown}
 C - a potion of ambrosia {unknown}
 D - 2 potions of flight {unknown}
Comestibles
 f - 9 rations
 E - 2 chunks of flesh


   Skills:
 + Level 4.4 Fighting
 * Level 4.2 Staves
 + Level 4.3 Armour
 + Level 2.1 Dodging
 + Level 4.8 Shields


You had 5 spell levels left.
You didn't know any spells.
Your spell library was empty.

Dungeon Overview and Level Annotations

Branches:
Dungeon (7/15)
 Temple: D:4-7

Altars:
Dithmenos
Fedhas
Makhleb
Uskayaw

Annotations:
D:7 Joseph


Innate Abilities, Weirdness & Mutations

You cannot be hasted, slowed, berserked, paralysed or teleported.
You can dig through walls and to a lower floor.
Your four strong arms can wield two-handed weapons with a shield.
((You have a pair of large antennae on your head. (SInv)))
((You are partially covered in yellow scales. (AC +2)))
You possess an exceptional clarity of mind.
((Your system is resistant to poisons. (rPois)))
Your spells are a little easier to cast, but a little less powerful.


Message History

You block the hippogriff's attack. x2
It was a potion of mutation.
You feel extremely strange.
Your connection to magic feels subdued.
Yellow scales grow over part of your body.
You feel resistant to poisons.
Your thoughts seem clearer.
The hippogriff bites you.
* * * LOW HITPOINT WARNING * * *
The hippogriff pecks you but does no damage.
You block the hippogriff's attack.
It was a potion of lignification.
You turn into a tree.
Your cursed +0 pair of gloves melds into your body.
Your +0 scale mail melds into your body.
Your roots penetrate the ground.
The hippogriff bites you but does no damage.
The hippogriff pecks you but does no damage.
The hippogriff barely misses you.
It was a potion of brilliance.
You feel clever all of a sudden. The hippogriff bites you.
You die...

# #.
#####.######.#.
.[.....♣H......
#####.#.####...
# #.# #.. ###


You could see a hippogriff.

Vanquished Creatures
  A centaur zombie (Ossuary)
  A human zombie (Ossuary)
  2 orc priests (D:4)
  An iguana (D:4)
  A worker ant (D:4)
  4 mummies
  2 adders
  8 worms
  3 dart slugs (D:1)
  A leopard gecko (D:2)
  10 orcs
  A ball python (D:1)
  9 giant cockroaches
  3 gnoll zombies (Ossuary)
  2 hobgoblins
  3 quokkas
  5 bats
  4 frilled lizards
  8 goblins
  A hobgoblin zombie (Ossuary)
  6 kobolds
  2 orc zombies (Ossuary)
  12 rats
90 creatures vanquished.

Notes
Turn   | Place    | Note
-------+----------+-------------------------------------------
     0 | D:1      | Lanoc the Formicid Fighter began the quest for the Orb.
     0 | D:1      | Reached XP level 1. HP: 18/18 MP: 1/1
    40 | D:1      | Reached XP level 2. HP: 12/24 MP: 2/2
   410 | D:1      | Reached XP level 3. HP: 17/29 MP: 3/3
   857 | D:2      | Reached XP level 4. HP: 37/37 MP: 4/4
  1260 | D:3      | Reached skill level 1 in Dodging
  1707 | D:3      | Reached XP level 5. HP: 38/42 MP: 5/5
  1860 | D:4      | Found a burning altar of Makhleb.
  1928 | D:4      | Found a hide-covered altar of Uskayaw.
  1968 | D:4      | Became a worshipper of Makhleb the Destroyer
  1990 | D:4      | Found a sand-covered staircase.
  2005 | Ossuary  | Entered an ossuary
  2178 | Ossuary  | Reached XP level 6. HP: 48/48 MP: 6/6
  2516 | D:4      | Found a blossoming altar of Fedhas.
  2624 | D:4      | Found a shadowy altar of Dithmenos.
  2645 | D:4      | You fall through a shaft for 3 floors!
  2652 | D:7      | Noticed a hippogriff
  2654 | D:7      | Noticed Joseph
  2655 | D:7      | Noticed an orc warrior
  2671 | D:6      | Gained mutation: Your spells are a little easier to cast,
                  | but a little less powerful. [potion of mutation]
  2671 | D:6      | Gained mutation: You are partially covered in yellow
                  | scales. (AC +2) [potion of mutation]
  2671 | D:6      | Gained mutation: Your system is resistant to poisons.
                  | (rPois) [potion of mutation]
  2671 | D:6      | Gained mutation: You possess an exceptional clarity of
                  | mind. [potion of mutation]
  2671 | D:6      | HP: 1/49 [hippogriff (3)]
  2673 | D:6      | Slain by a hippogriff

Vault maps used:
D:1:      minmay_arrival_arboretum_small, minivault_24, minmay_liquid_box
D:2:      chequers_serial_rivers_small_b
D:4:      eat_drink_and_be_merry_uskayaw, bloody_makhleb,
          nicolae_overflow_crystal_walls, gup_ossuary_entry_pyramid,
          first_ration, nicolae_dithmenos_shadow_blocks
D:6:      tgw_xom
D:7:      yredelemnul_altar_generic, lemuel_oklob_altar, uniq_joseph,
          uniq_harold, uniq_crazy_yiuf_cottage, uniq_prince_ribbit1
Ossuary:  ossuary_crypta

Skill      XL: |  1  2  3  4  5  6 |
---------------+-------------------+-----
Shields        | 4 |  4.8
Dodging        | 1 2 |  2.1
Staves         | 3 4 |  4.2
Fighting       | 4 |  4.4
Armour         | 4 |  4.3

Action                   |  1- 3 |  4- 6 || total
-------------------------+-------+-------++-------
Melee: Quarterstaff      |   104 |   246 ||   350
  Use: Potion            |       |     5 ||     5
  Eat: Chunk             |       |     6 ||     6
Armor: Scale mail        |    56 |   101 ||   157
       Skin              |       |     2 ||     2
Dodge: Dodged            |    43 |    92 ||   135
Block: Shield            |    75 |   155 ||   230

Table legend:
 A = Non-vault XP
 B = Vault XP
 C = Vault XP percentage of total XP
 D = Non-vault monster count
 E = Vault monster count
 F = Vault count percentage of total count
                 A         B        C        D         E       F
            +---------+---------+-------+---------+---------+-------
      Total |     343 |     169 |  33.0 |      78 |      12 |  13.3
            +---------+---------+-------+---------+---------+-------
        D:1 |      44 |       0 |   0.0 |      24 |       0 |   0.0
        D:2 |      41 |       0 |   0.0 |      15 |       0 |   0.0
        D:3 |      56 |       0 |   0.0 |      19 |       0 |   0.0
        D:4 |     202 |      18 |   8.2 |      20 |       1 |   4.8
    Ossuary |       0 |     151 | 100.0 |       0 |      11 | 100.0
            +---------+---------+-------+---------+---------+-------
